[Event "Late-Titled-Tuesday-Blitz-April-02-2024"]
[Site "Chess.com"]
[Date "2024.04.02"]
[Round "5"]
[White "WCM-Mexicana"]
[Black "ExtremeLearner"]
[Result "1-0"]
[WhiteElo "2439"]
[BlackElo "2549"]
[TimeControl "180+1"]
[EndTime "14:52:57 PDT"]
[Termination "WCM-Mexicana won by resignation"]

1. d4 Nf6 2. c4 c5 3. dxc5 Na6 4. Nc3 Nxc5 5. f3 d6 6. e4 g6 7. Be3 Qa5 8. a3 Ne6 9. b4 Qc7 10. Nd5 Nxd5 11. cxd5 Qc3+ 12. Bd2 Qe5 13. dxe6 Bg7 14. exf7+ Kxf7 15. Bc4+ d5 16. Bxd5+ e6 17. Rc1 exd5 18. Ne2 Rd8 19. O-O Be6 20. Bc3 d4 21.
Ba1 Rac8 22. Rxc8 Bxc8 23. Qd3 Bd7 24. Bxd4 Bb5 25. Qb3+ Qe6 26. Qxe6+ Kxe6 27. Nf4+ Kf7 28. Bxg7 Bxf1 29. Kxf1 Rd1+ 30. Ke2 Rg1 31. Bd4 Rh1 32. Bxa7 g5 33. Nh3 Rxh2 34. Kf1 Rh1+ 35. Bg1 Kg6 36.
a4 h5 37. a5 g4 38. Nf2 Rh4 39. g3 1-0

[Event "Late-Titled-Tuesday-Blitz-April-02-2024"]
[Site "Chess.com"]
[Date "2024.04.02"]
[Round "5"]
[White "chessydotcom"]
[Black "sillypiggy2024"]
[Result "1-0"]
[WhiteElo "2292"]
[BlackElo "1741"]
[TimeControl "180+1"]
[EndTime "14:52:58 PDT"]
[Termination "chessydotcom won on time"]

1. b3 Nf6 2. Bb2 g6 3. e3 Bg7 4. Nf3 d5 5. d4 O-O 6. Be2 c5 7. O-O Nc6 8. c4 cxd4 9. exd4 Bf5 10. Nc3 Rc8 11. Ne5 dxc4 12. Nxc6 Rxc6 13. bxc4 Qd7 14.
c5 Rcc8 15. Bb5 Qc7 16. Rc1 Rfd8 17. Ne2 Nd5 18. Ng3 Bd7 19. Bc4 Bc6 20. Qb3 e6 21. Rfe1 Nf4 22. Ne4 Bxd4 23. Bxd4 Rxd4 24. f3 Rcd8 25. Qc3 1-0

[Event "Late-Titled-Tuesday-Blitz-April-02-2024"]
[Site "Chess.com"]
[Date "2024.04.02"]
[Round "5"]
[White "Bryanl106"]
[Black "jcibarra"]
[Result "0-1"]
[WhiteElo "2674"]
[BlackElo "2963"]
[TimeControl "180+1"]
[EndTime "14:52:59 PDT"]
[Termination "jcibarra won by resignation"]

1. e4 c5 2. Nf3 e6 3. g3 Nc6 4. Bg2 Nf6 5. Qe2 e5 6. O-O Be7 7. Nc3 O-O 8. Nd5 d6 9. c3 Re8 10. Ne1 h6 11. Nc2 Bf8 12. Nce3 Nxd5 13. exd5 Ne7 14. a4 Ng6 15. a5 f5 16. Nc4 Bd7 17. d3 Qf6 18. h4 Bb5 19. Na3 Bd7 20. Nc4 Nh8 21. b4 cxb4 22. cxb4 Rac8 23. Bb2 Nf7 24. h5 Qg5 25. Kh2 f4 26. Bf3 Qf6 27. Bg4 Bf5 28.
Bxf5 Qxf5 29. g4 Qf6 30. Kg2 e4 31. Kh3 Ng5+ 32. Kh2 Qf7 33. Rac1 Nf3+ 34. Kg2 Qd7 35. Kh3 Qe7 36. Rh1 Qh4+ 37. Kg2 Qxg4+ 38. Kf1 exd3 39. Qxd3 Rxc4 0-1

[Event "Late-Titled-Tuesday-Blitz-April-02-2024"]
[Site "Chess.com"]
[Date "2024.04.02"]
[Round "5"]
[White "Quattroporte300"]
[Black "Navyblue1"]
[Result "1-0"]
[WhiteElo "2494"]
[BlackElo "2270"]
[TimeControl "180+1"]
[EndTime "14:53:00 PDT"]
[Termination "Quattroporte300 won by resignation"]

1. e4 c5 2. Nf3 d6 3. d4 cxd4 4. Nxd4 Nf6 5. Nc3 a6 6. Be3 e5 7.
Nb3 Be7 8. Qd2 Be6 9. f3 h5 10.
O-O-O Nbd7 11. Nd5 Bxd5 12. exd5 Rc8 13. Kb1 Nb6 14. Qa5 Nbxd5 15. Rxd5 Nxd5 16. Qxd5 Qc7 17. Qd2 O-O 18. Bd3 d5 19. g4 hxg4 20. fxg4 e4 21. Be2 Rfd8 22. Nd4 b5 23. h4 b4 24. g5 a5 25. h5 a4 26. h6 g6 27. h7+ Kh8 28.
Nb5 Qc6 29. Na7 Qe6 30. Nxc8 Rxc8 31. Bd4+ f6 32. Qf4 Rf8 33. Bg4 Qc6 34. Bd7 Qa6 35. Rf1 a3 36. gxf6 Bxf6 37. Bxf6+ Rxf6 38. Qxf6+ Qxf6 39. Rxf6 Kxh7 40. Bc6 Kg7 41. Re6 g5 42. Bxd5 axb2 43. Rxe4 Kf6 44. Kxb2 Kf5 45. Re8 g4 46. Kb3 Kf4 47. Kxb4 g3 48. a4 g2 49. Bxg2 Kg3 50. a5 Kh2 51. a6 1-0

[Event "Late-Titled-Tuesday-Blitz-April-02-2024"]
[Site "Chess.com"]
[Date "2024.04.02"]
[Round "5"]
[White "Alexei_Gubajdullin"]
[Black "stollenmonster"]
[Result "0-1"]
[WhiteElo "2621"]
[BlackElo "2853"]
[TimeControl "180+1"]
[EndTime "14:53:04 PDT"]
[Termination "stollenmonster won by checkmate"]

1. Nf3 Nf6 2. g3 e6 3. Bg2 d5 4. O-O Be7 5. b3 O-O 6. Bb2 b6 7. e3 Bb7 8. c4 c5 9. Nc3 Nbd7 10. Qe2 Rc8 11. Rfd1 Qc7 12. Ne1 dxc4 13. bxc4 Rfd8 14.
g4 h6 15. f4 Nf8 16. g5 hxg5 17. fxg5 N6h7 18. h4 Qg3 19. Qf2 Qg4 20. Qf4 Qxf4 21. exf4 Ba6 22. d3 Ng6 23. Ne2 Nxh4 24. Be4 Nf8 25. a4 Nfg6 26. a5 b5 27. cxb5 Bxb5 28. a6 Bc6 29. Kf2 Nf5 30. Rdc1 Nd6 31. Bxc6 Rxc6 32.
Bc3 Nb5 33. Ba5 Rdc8 34. Rcb1 Nd4 35. Nxd4 cxd4 36. Bd2 e5 37. fxe5 Nxe5 38. Rb7 Bc5 39. Ra5 f6 40. gxf6 Rxf6+ 41. Ke2 Re6 42. Kd1 Ng4 43.
Rbb5 Bb6 44. Ra4 Nf2# 0-1

[Event "Late-Titled-Tuesday-Blitz-April-02-2024"]
[Site "Chess.com"]
[Date "2024.04.02"]
[Round "5"]
[White "LiemLe"]
[Black "Firouzja2003"]
[Result "1-0"]
[WhiteElo "3037"]
[BlackElo "3089"]
[TimeControl "180+1"]
[EndTime "14:53:05 PDT"]
[Termination "LiemLe won by resignation"]

1. Nf3 Nf6 2. c4 g6 3. Nc3 Bg7 4. e4 d6 5. d4 O-O 6. Be2 e5 7. O-O exd4 8. Nxd4 Re8 9. f3 c6 10. Kh1 d5 11. cxd5 cxd5 12. Bb5 Nbd7 13. Bg5 Qb6 14. Bxf6 Nxf6 15. Bxe8 Nxe8 16. e5 Qxb2 17. Nxd5 Bxe5 18. Re1 Bh3 19. Nc2 Bf5 20. Ne7+ Kf8 21. Nxf5 gxf5 22.
Rb1 Qc3 23. Rxb7 Rc8 24. Qd7 Nd6 25. Qe7+ Kg8 26. Rb3 Qxc2 27. Qxe5 Qf2 28. Rg1 Qd2 29. Rbb1 Rd8 30. Rbd1 Qh6 31. Rd5 Qe6 32. Qg3+ Kf8 33. Rgd1 f4 34. Qxf4 Qe2 35. h3 1-0

[Event "Late-Titled-Tuesday-Blitz-April-02-2024"]
[Site "Chess.com"]
[Date "2024.04.02"]
[Round "5"]
[White "BardArtem"]
[Black "Mikhail_Golubev"]
[Result "0-1"]
[WhiteElo "2833"]
[BlackElo "2630"]
[TimeControl "180+1"]
[EndTime "14:53:06 PDT"]
[Termination "Mikhail_Golubev won by resignation"]

1. e4 c5 2. Nf3 d6 3. Nc3 Nf6 4. e5 dxe5 5. Nxe5 a6 6. g3 Nbd7 7. d4 cxd4 8. Qxd4 Nxe5 9. Qxe5 e6 10. Bg2 Bd6 11. Qe2 Qc7 12. O-O O-O 13. Rd1 Bd7 14.
Bg5 Bc6 15. Bxf6 gxf6 16. Bxc6 Qxc6 17. Rd4 Kh8 18. Rh4 Rg8 19. Ne4 Be7 20. Rh3 f5 21. Nc3 Bf6 22. Rd1 Bxc3 23. bxc3 Qxc3 24. Rd7 Rg7 25.
Rxb7 Qa1+ 26. Kg2 Qxa2 27. Qe5 f6 28. Qd6 Rxb7 29. Qc6 Qd5+ 30. Qxd5 exd5 31. Rh4 a5 32. Ra4 Rb4 33. Ra1 a4 34. c3 Rb2 35. Kf3 a3 36.
Ke3 a2 37. Rxa2 Raxa2 0-1

[Event "Late-Titled-Tuesday-Blitz-April-02-2024"]
[Site "Chess.com"]
[Date "2024.04.02"]
[Round "5"]
[White "yobdc"]
[Black "Onthequiet"]
[Result "1-0"]
[WhiteElo "2597"]
[BlackElo "2424"]
[TimeControl "180+1"]
[EndTime "14:53:06 PDT"]
[Termination "yobdc won by resignation"]

1. e4 c6 2. d4 d5 3. exd5 cxd5 4. Bd3 Nf6 5. c3 Nc6 6. Bf4 g6 7. Qc2 Bg7 8. Nf3 O-O 9. O-O Bd7 10. Re1 Rc8 11.
Qb3 Na5 12. Qa3 Re8 13. Nbd2 a6 14. Ne5 Bb5 15. Bxb5 axb5 16. Qb4 Nc4 17. Ndxc4 bxc4 18. Qxb7 Rb8 19. Qa7 Ra8 20. Qc5 e6 21. b3 cxb3 22. axb3 Rxa1 23. Rxa1 Ne4 24. Qc6 g5 25. Be3 Bxe5 26.
dxe5 h6 27. f3 Qc8 28. Qxc8 Rxc8 29. fxe4 Rxc3 30. Bd4 Rxb3 31. exd5 Rd3 32. Ra8+ Kg7 33. Bc5 Rxd5 34. Bd6 f5 35. h3 h5 36. Re8 Kf7 37. Re7+ Kg6 38. Rxe6+ Kg7 39. Re7+ Kg6 40. Re6+ Kg7 41.
Rf6 f4 42. h4 gxh4 43. Rxf4 Kg6 44. Rxh4 Rd1+ 45. Kh2 Rxd6 46. exd6 1-0

[Event "Late-Titled-Tuesday-Blitz-April-02-2024"]
[Site "Chess.com"]
[Date "2024.04.02"]
[Round "5"]
[White "Hrant_ChessMood"]
[Black "WilsonPalencia21"]
[Result "1-0"]
[WhiteElo "2937"]
[BlackElo "2584"]
[TimeControl "180+1"]
[EndTime "14:53:09 PDT"]
[Termination "Hrant_ChessMood won on time"]

1. c4 Nf6 2. Nf3 c5 3. Nc3 g6 4. g3 Bg7 5. Bg2 O-O 6. d4 d6 7.
O-O Nc6 8. dxc5 dxc5 9. Be3 b6 10. Qa4 Bd7 11. Rfd1 Qc8 12. Qc2 Bf5 13. Qc1 Ne4 14.
Nxe4 Bxe4 15. Bh6 Bxf3 16. Bxf3 Nd4 17. Rxd4 cxd4 18. Bxg7 Kxg7 19. Bxa8 Qxa8 20. Qf4 Rd8 21. Qe5+ Kg8 22. Qxe7 Re8 23. Qf6 Rxe2 24. Qxd4 Qf3 25. Rc1 h5 26. h4 Re4 27. Qc3 Qf5 28. Rd1 Qc8 29. b3 Qe8 30. Kg2 Kh7 31. Rd3 Re2 32. Re3 Qc6+ 33. Kg1 Rxa2 34. Re7 1-0

[Event "Late-Titled-Tuesday-Blitz-April-02-2024"]
[Site "Chess.com"]
[Date "2024.04.02"]
[Round "5"]
[White "biostatistician"]
[Black "GMAkobianSTL"]
[Result "0-1"]
[WhiteElo "2549"]
[BlackElo "2771"]
[TimeControl "180+1"]
[EndTime "14:53:09 PDT"]
[Termination "GMAkobianSTL won by resignation"]

1. d4 e6 2. Nf3 Nf6 3. c4 b6 4.
Nc3 Bb4 5. Qc2 Bb7 6. a3 Bxc3+ 7. Qxc3 d6 8. g3 Nbd7 9. Bg2 O-O 10. O-O Qe7 11. b4 h6 12. Bb2 a5 13. b5 Ne4 14.
Qc2 f5 15. Ne1 Rae8 16. Nd3 e5 17. e3 Ba8 18. a4 Ng5 19. Bxa8 Rxa8 20. dxe5 dxe5 21.
Ba3 Nc5 22. Nxc5 bxc5 23. f4 exf4 24. exf4 Qe3+ 25. Kh1 Ne4 26. Bc1 Qd4 27. Bb2 Qd6 28. Rad1 Qe6 29. Rd5 Rad8 30. Rfd1 Rxd5 31. Rxd5 Kh7 32.
Kg2 Rf7 33. Qd3 h5 34. Re5 Qg6 35. Qd8 Qg4 36. Qd3 Rd7 37. Rd5 Rxd5 38. cxd5 h4 39. Qf3 h3+ 0-1

[Event "Late-Titled-Tuesday-Blitz-April-02-2024"]
[Site "Chess.com"]
[Date "2024.04.02"]
[Round "5"]
[White "djano"]
[Black "giomar27"]
[Result "0-1"]
[WhiteElo "2635"]
[BlackElo "2481"]
[TimeControl "180+1"]
[EndTime "14:53:09 PDT"]
[Termination "giomar27 won on time"]

1. e4 e5 2. d4 Nc6 3. Nf3 exd4 4. Bc4 Nf6 5. Ng5 d5 6. exd5 Qe7+ 7. Kf1 Ne5 8. Qxd4 Nxc4 9. Qxc4 Qc5 10. Qe2+ Be7 11. b3 b5 12. c4 O-O 13. Be3 Qd6 14. Nc3 bxc4 15. bxc4 c6 16. Rd1 cxd5 17. Nxd5 Nxd5 18. Rxd5 Qc6 19. Bd4 Ba6 20. Kg1 Bxc4 21. Qc2 g6 22. Ra5 Rad8 23. Nf3 Bb4 24. Rxa7 Rfe8 25. h4 Qd5 26. Be3 Rc8 27. Qa4 Bd6 28. Qd7 Qd1+ 0-1

[Event "Late-Titled-Tuesday-Blitz-April-02-2024"]
[Site "Chess.com"]
[Date "2024.04.02"]
[Round "5"]
[White "LeninGuerra"]
[Black "ural58"]
[Result "1-0"]
[WhiteElo "2717"]
[BlackElo "2480"]
[TimeControl "180+1"]
[EndTime "14:53:10 PDT"]
[Termination "LeninGuerra won by resignation"]

1. e4 d5 2. exd5 Qxd5 3. d4 Nc6 4.
Nf3 Bg4 5. Be2 O-O-O 6. Be3 e5 7. c4 Qa5+ 8. Bd2 Qa6 9. d5 Bxf3 10. gxf3 Nd4 11. Nc3 Qg6 12. Rc1 Qg2 13. Rf1 Nf6 14. Be3 Bc5 15. a3 Rhe8 16. b4 Nxe2 17. Qxe2 Bd4 18. Nb5 a6 19. Nc3 Qxh2 20. a4 Bxe3 21.
Qxe3 Qf4 22. Qxf4 exf4+ 23. Kd2 g5 24. Rh1 h5 25. Rcg1 Re5 26. Kd3 c6 27. Ne4 Nxe4 28.
fxe4 f5 29. Rxh5 fxe4+ 30. Kd4 Rde8 31. Rgxg5 cxd5 32. Rxe5 Rxe5 33. Rxe5 1-0

[Event "Late-Titled-Tuesday-Blitz-April-02-2024"]
[Site "Chess.com"]
[Date "2024.04.02"]
[Round "5"]
[White "ArmanGhevondyanchess"]
[Black "Der_Balak_3Halak"]
[Result "1-0"]
[WhiteElo "2604"]
[BlackElo "2431"]
[TimeControl "180+1"]
[EndTime "14:53:11 PDT"]
[Termination "ArmanGhevondyanchess won by resignation"]

1. Nf3 Nf6 2. g3 g6 3. d4 Bg7 4. Bg2 d5 5. O-O O-O 6. b3 a5 7.
Bb2 a4 8. Ne5 Nbd7 9. c4 c6 10.
bxa4 Nxe5 11. dxe5 Ng4 12. cxd5 Nxe5 13. Nc3 cxd5 14.
Nxd5 Bd7 15. Bxe5 Bxe5 16. Rb1 Bxa4 17. Qd3 Bc6 18. Rfd1 Ra4 19. Nf6+ Bxf6 20. Qxd8 Rxd8 21. Rxd8+ Kg7 22. Bxc6 bxc6 23. Rd2 c5 24. Rc2 c4 25.
Kg2 c3 26. e3 e6 27. f4 Kf8 28. Kf3 Ke7 29. Rd1 Rb4 30. e4 Bd4 31. e5 f6 32. exf6+ Kxf6 33. Rd3 e5 34. fxe5+ Kxe5 35. Rd1 h5 36. Re2+ Kd5 37. Re8 c2 38. Rd8+ Kc5 39. Rc1 Rb2 40. Rc8+ Kb4 41. R8xc2 Ka3 42. Rxb2 Kxb2 43.
Rd1 Be5 44. Rd5 Bc3 45. a4 Ka3 46. a5 1-0

[Event "Late-Titled-Tuesday-Blitz-April-02-2024"]
[Site "Chess.com"]
[Date "2024.04.02"]
[Round "5"]
[White "JaackCamel"]
[Black "1g60-1"]
[Result "1/2-1/2"]
[WhiteElo "2201"]
[BlackElo "2395"]
[TimeControl "180+1"]
[EndTime "14:53:11 PDT"]
[Termination "Game drawn by repetition"]

1. d4 e6 2. c4 f5 3. g3 Nf6 4. Bg2 Be7 5. Nf3 O-O 6. O-O d6 7. Nc3 Ne4 8. Qc2 Nxc3 9. Qxc3 a5 10. b3 Bf6 11. Bb2 Nc6 12. Qd2 e5 13. d5 Nb8 14.
Rfe1 a4 15. b4 a3 16. Bc3 Qe8 17. e4 fxe4 18. Ng5 Bf5 19. Nxe4 Nd7 20. Rf1 Qg6 21. Rae1 Be7 22. Qe3 Nf6 23. f3 Bxe4 24. fxe4 Ng4 25.
Qe2 Bg5 26. Bd2 Qh6 27. Qxg4 Bxd2 28. Rxf8+ Rxf8 29. Rf1 Qe3+ 30. Kh1 Rxf1+ 31. Bxf1 g6 32. Qe6+ Kg7 33. Qd7+ Kh6 34. Qh3+ Kg7 35. Qd7+ Kh6 36. Qh3+ Kg7 37. Qd7+ 1/2-1/2

[Event "Late-Titled-Tuesday-Blitz-April-02-2024"]
[Site "Chess.com"]
[Date "2024.04.02"]
[Round "5"]
[White "KuzubovYuriy"]
[Black "Josetricks"]
[Result "1-0"]
[WhiteElo "2923"]
[BlackElo "2659"]
[TimeControl "180+1"]
[EndTime "14:53:12 PDT"]
[Termination "KuzubovYuriy won by resignation"]

1. d4 g6 2. e4 Bg7 3. c3 c6 4.
Bd3 d5 5. e5 f6 6. exf6 Nxf6 7.
Nf3 Bg4 8. Nbd2 O-O 9. O-O Nfd7 10. Qb3 Qc7 11. Re1 Bxf3 12. Nxf3 Rxf3 13. gxf3 e5 14. c4 exd4 15. cxd5 Kh8 16. Re8+ Nf8 17. Bg5 Qf7 18. dxc6 Qxe8 19. cxb7 Nbd7 20. bxa8=Q Qxa8 21. Be4 Qe8 22. Rc1 h6 23. Bd2 Ne6 24. Bc6 Qe7 25. Re1 Ne5 26. Qb8+ Nf8 27. Bb4 Nxc6 28. Bxe7 Nxb8 29. Bxf8 Bxf8 30. Re8 Nd7 31. Rd8 Ne5 32. Rxf8+ Kg7 33. Rd8 Nxf3+ 34. Kg2 Ne1+ 35. Kf1 Nf3 36. Ke2 Nxh2 37. Rxd4 h5 38. Ra4 Ng4 39. Rxa7+ Kh6 40.
a4 h4 41. Rc7 Kg5 42. a5 Kf4 43. a6 h3 44. a7 1-0

[Event "Late-Titled-Tuesday-Blitz-April-02-2024"]
[Site "Chess.com"]
[Date "2024.04.02"]
[Round "5"]
[White "rasmussvane"]
[Black "santosalberto1987"]
[Result "1-0"]
[WhiteElo "2890"]
[BlackElo "2516"]
[TimeControl "180+1"]
[EndTime "14:53:13 PDT"]
[Termination "rasmussvane won by resignation"]

1. d4 Nf6 2. Bg5 Ne4 3. Bf4 c5 4. d5 g6 5. f3 Nf6 6. e4 d6 7. Nc3 Bg7 8. Bc4 O-O 9. Nge2 Re8 10. O-O e6 11. dxe6 Bxe6 12. Bxe6 Rxe6 13. Qd2 Nc6 14.
Rad1 Qa5 15. Nd5 Qxd2 16. Rxd2 Rd8 17. Nec3 Nd4 18. Bg5 h6 19. Bxf6 Bxf6 20. Nxf6+ Rxf6 21. Nd5 Re6 22. c3 Nc6 23. Rfd1 Ne5 24. b3 a6 25. Kf2 Kg7 26. h3 Nc6 27. Nb6 Ne7 28. a4 f5 29. exf5 gxf5 30. a5 Kf6 31. Nd5+ Nxd5 32.
Rxd5 Ke7 33. Rxf5 Re8 34. Rd2 Kd7 35. Rxc5 Re5 36. Rxe5 Rxe5 37. b4 Rb5 38. g4 Ke6 39.
f4 b6 40. axb6 Rxb6 41. Kf3 Rb5 42. Ra2 Rb6 43. Ke4 Rc6 44. Kd4 d5 45. f5+ Kd6 46. Ra5 Rc4+ 47. Kd3 Rc6 48. h4 Ke5 49. Rc5 Rb6 50.
g5 hxg5 51. hxg5 Kxf5 52. Rxd5+ Kg6 53. Kc4 Rc6+ 54. Kb3 Rb6 55. c4 Rc6 56. c5 Rc8 57. Ka4 Rb8 58. c6 Rc8 59. Rc5 1-0

[Event "Late-Titled-Tuesday-Blitz-April-02-2024"]
[Site "Chess.com"]
[Date "2024.04.02"]
[Round "5"]
[White "albi1999"]
[Black "tgpgoat"]
[Result "1-0"]
[WhiteElo "2609"]
[BlackElo "2434"]
[TimeControl "180+1"]
[EndTime "14:53:13 PDT"]
[Termination "albi1999 won by resignation"]

1. Nf3 Nf6 2. c4 e6 3. b3 d5 4.
Bb2 Be7 5. e3 O-O 6. Nc3 b6 7. Rc1 Bb7 8. cxd5 Nxd5 9. Qc2 c5 10. Nxd5 Bxd5 11. Bd3 f5 12. Bc4 Nc6 13. O-O Nb4 14. Qb1 Bxf3 15. Bxe6+ Kh8 16. gxf3 Nd3 17.
Rcd1 Nxb2 18. Qxb2 Bf6 19. Qc2 f4 20. Bf5 g6 21.
Be4 Rc8 22. Qc4 Qd6 23. Kh1 Rce8 24. d4 cxd4 25. exd4 Qd7 26. Rfe1 Qh3 27. Qd3 Bh4 28. Re2 g5 29. Bf5 Rxe2 30. Bxh3 Rfe8 31. d5 Bxf2 32. Qc3+ R8e5 33. d6 Bc5 34. d7 Be7 35. d8=Q+ Bxd8 36. Rxd8+ Kg7 37. Rd5 Re1+ 38. Kg2 Re2+ 39. Kf1 Re1+ 40.
Qxe1 1-0

[Event "Late-Titled-Tuesday-Blitz-April-02-2024"]
[Site "Chess.com"]
[Date "2024.04.02"]
[Round "5"]
[White "martabartel"]
[Black "UK_23"]
[Result "0-1"]
[WhiteElo "2220"]
[BlackElo "2405"]
[TimeControl "180+1"]
[EndTime "14:53:14 PDT"]
[Termination "UK_23 won by resignation"]

1. d4 d5 2. c4 e6 3. Nc3 Nf6 4. Nf3 Be7 5. cxd5 exd5 6. Bg5 c6 7. e3 h6 8. Bh4 Bf5 9. Be2 Nbd7 10. O-O O-O 11. h3 Re8 12. Bg3 Bf8 13. Bd3 Bxd3 14. Qxd3 Ne4 15. Bh2 Bd6 16. Bxd6 Nxd6 17. Rac1 Ne4 18.
a3 a6 19. b4 Nxc3 20. Rxc3 Nf6 21. Nd2 Qe7 22. Rfc1 Red8 23. Qc2 Ne8 24. Qb3 Nd6 25. a4 Ne4 26. Nxe4 Qxe4 27. b5 cxb5 28. axb5 a5 29. b6 f5 30. Rc7 Rab8 31. Qa3 f4 32. exf4 Qxd4 33. Qe7 Re8 34. Qf7+ Kh8 35. R1c3 Rf8 36. Qd7 Qxf4 37. Rg3 Qxf2+ 38. Kh2 Rg8 39. Qxd5 Qf4 40.
Rxb7 Rbd8 41. Rd7 Rb8 42. b7 a4 43. Rc7 Qxc7 0-1

[Event "Late-Titled-Tuesday-Blitz-April-02-2024"]
[Site "Chess.com"]
[Date "2024.04.02"]
[Round "5"]
[White "Njal28"]
[Black "AryanTari"]
[Result "0-1"]
[WhiteElo "3053"]
[BlackElo "2976"]
[TimeControl "180+1"]
[EndTime "14:53:15 PDT"]
[Termination "AryanTari won by resignation"]

1. e4 e5 2. Nf3 Nc6 3. Nc3 Nf6 4.
Bb5 Nd4 5. Nxd4 exd4 6. e5 dxc3 7. exf6 Qxf6 8. dxc3 Qe5+ 9. Be2 Bc5 10. O-O O-O 11.
Bd3 d5 12. Re1 Qf6 13. Be3 Bxe3 14. Rxe3 Be6 15. Qh5 g6 16. Qh6 Rae8 17. Rae1 Bd7 18. Rxe8 Rxe8 19. Rxe8+ Bxe8 20. Qe3 Qe6 21. Qxa7 Qe1+ 22. Bf1 Bb5 23. h3 Qxf1+ 24. Kh2 Bc6 25. f3 Qe2 26. Qb8+ Kg7 27. Qxc7 d4 28. cxd4 Bxf3 29.
Qg3 Bd5 30. b3 b5 31. a4 bxa4 32. bxa4 h5 33. a5 h4 34. Qg5 Qe4 35. c3 f6 36.
Qd2 g5 37. a6 Kg6 38. a7 f5 39. Kg1 g4 40. hxg4 fxg4 41. c4 g3 42. Kf1 Bxc4+ 43.
Kg1 Qb1+ 0-1

[Event "Late-Titled-Tuesday-Blitz-April-02-2024"]
[Site "Chess.com"]
[Date "2024.04.02"]
[Round "5"]
[White "RodokininEV"]
[Black "DrVelja"]
[Result "0-1"]
[WhiteElo "2701"]
[BlackElo "3020"]
[TimeControl "180+1"]
[EndTime "14:53:15 PDT"]
[Termination "DrVelja won by checkmate"]

1. e4 c5 2. Nf3 Nc6 3. d4 cxd4 4. Nxd4 g6 5. c4 Bg7 6. Be3 d6 7. Nc3 Qb6 8. Nb3 Bxc3+ 9. bxc3 Qc7 10. Be2 Nf6 11. f3 b6 12. O-O O-O 13. a4 Ne5 14. Qd4 Be6 15. Nd2 Rfc8 16. a5 Nc6 17. axb6 Nxd4 18.
bxc7 Nxe2+ 19. Kf2 Nxc3 20. Bd4 Ncxe4+ 21. fxe4 Rxc7 22. Bxf6 exf6 23. Ra4 a5 24. Ke3 Bd7 25. Ra3 Kg7 26. Rb1 f5 27. Rb6 fxe4 28. Kxe4 Re8+ 29. Kd4 Re2 30. Ne4 Rxg2 31. Rxa5 Rg4 32. Ke3 Rxc4 33. Nxd6 Rc3+ 34. Kf2 Rf4+ 35. Ke2 Rh3 36. Ra7 Bg4+ 37. Ke1 Rd3 38. Ne8+ Kh6 39. Nf6 Rd1# 0-1

[Event "Late-Titled-Tuesday-Blitz-April-02-2024"]
[Site "Chess.com"]
[Date "2024.04.02"]
[Round "5"]
[White "protectiago"]
[Black "OlaaLa"]
[Result "0-1"]
[WhiteElo "2066"]
[BlackElo "2371"]
[TimeControl "180+1"]
[EndTime "14:53:16 PDT"]
[Termination "OlaaLa won on time"]

1. d4 f5 2. c4 Nf6 3. g3 g6 4. Bg2 Bg7 5. Nf3 d6 6. b3 O-O 7. Bb2 c6 8. O-O h6 9. Qc2 g5 10. Rd1 Qe8 11. Nc3 e5 12. dxe5 dxe5 13. Nxe5 Be6 14. Na4 Na6 15. Ba3 Ne4 16. Bxf8 Qxf8 17. f4 gxf4 18. gxf4 Qf6 19. Rac1 Qh4 20. Bxe4 Bxe5 21.
fxe5 fxe4 22. e3 Kh8 23. Kh1 Nb4 24. Qg2 Bg4 25. Rf1 Nd3 26. Rc2 Nxe5 27. Nc3 Bf3 28. Rxf3 exf3 29. Qg3 Qxg3 30. hxg3 Ng4 31. Kg1 Re8 32.
e4 Rd8 0-1

[Event "Late-Titled-Tuesday-Blitz-April-02-2024"]
[Site "Chess.com"]
[Date "2024.04.02"]
[Round "5"]
[White "OriTaichman"]
[Black "Revan_2002"]
[Result "0-1"]
[WhiteElo "2559"]
[BlackElo "2740"]
[TimeControl "180+1"]
[EndTime "14:53:17 PDT"]
[Termination "Revan_2002 won by checkmate"]

1. e4 g6 2. h4 h5 3. d4 d6 4.
Nc3 Bg7 5. Bg5 c6 6. Qd2 Nd7 7. O-O-O b5 8. Bd3 Qa5 9. Nge2 Nb6 10. e5 Be6 11. Nf4 Bc4 12. exd6 b4 13. d7+ Kxd7 14. Ne4 Ke8 15. Rhe1 Kf8 16. a3 Bxd3 17. Nxd3 Bxd4 18.
Nxb4 Bxb2+ 19. Kb1 Qxa3 20. Na2 Be5 21. Qb4 Qxb4+ 22. Nxb4 Rc8 23. f4 Bg7 24. Nxc6 f6 25. Nxa7 Ra8 26. Nb5 fxg5 27. fxg5 Ra1# 0-1

[Event "Late-Titled-Tuesday-Blitz-April-02-2024"]
[Site "Chess.com"]
[Date "2024.04.02"]
[Round "5"]
[White "vladgoncharov"]
[Black "MasterSonnevanck23"]
[Result "1-0"]
[WhiteElo "2566"]
[BlackElo "2396"]
[TimeControl "180+1"]
[EndTime "14:53:18 PDT"]
[Termination "vladgoncharov won by resignation"]

1. d4 Nf6 2. c4 e6 3. Nc3 d5 4. Bg5 Be7 5. e3 Nbd7 6. Rc1 h6 7. Bh4 O-O 8. cxd5 exd5 9. Bd3 c6 10. Nf3 Ne4 11. Bxe7 Qxe7 12. O-O Re8 13. a3 Nxc3 14.
Rxc3 Nf6 15. Ne5 Ne4 16. Bxe4 dxe4 17. b4 f6 18. Nc4 Be6 19. Na5 Bd5 20. Qh5 a6 21.
Rfc1 Rf8 22. Qf5 Qf7 23. Nc4 Bxc4 24. Rxc4 Rfe8 25. Rc5 Rad8 26. h3 Rd6 27. a4 Qe6 28.
Qg6 Qf7 29. Qg4 Qe6 30. Qd1 Red8 31. b5 axb5 32. axb5 Kh7 33. bxc6 bxc6 34. Qg4 Qxg4 35. hxg4 Rd5 36. Rxc6 Rg5 37. f3 exf3 38. gxf3 Ra8 39. Kf2 Ra2+ 40. R1c2 Ra3 41. R6c5 Rxc5 42. dxc5 Ra7 43. c6 Rc7 44. e4 Kg6 45. Ke3 Kf7 46. Kd4 Ke6 47. Kc5 1-0

[Event "Late-Titled-Tuesday-Blitz-April-02-2024"]
[Site "Chess.com"]
[Date "2024.04.02"]
[Round "5"]
[White "Mackster23"]
[Black "Eagle_2019"]
[Result "0-1"]
[WhiteElo "2625"]
[BlackElo "2872"]
[TimeControl "180+1"]
[EndTime "14:53:19 PDT"]
[Termination "Eagle_2019 won by resignation"]

1. e4 c6 2. d4 d5 3. e5 c5 4. Nf3 cxd4 5. Nxd4 Nc6 6. Nxc6 bxc6 7. Bd3 e6 8. O-O Ne7 9. Re1 Ng6 10. Nd2 Be7 11. Qg4 O-O 12. Nf3 a5 13. c3 Ba6 14. Bc2 Qe8 15. h4 f5 16. exf6 Bxf6 17. Rxe6 Bc8 18. Rxe8 Bxg4 19. Rxa8 Rxa8 20. Bg5 Bxf3 21. gxf3 Nxh4 22.
Bxf6 gxf6 23. f4 Kf7 24. Kf1 Rb8 25. b3 Rg8 26. Re1 Rg4 27. f5 Nf3 28. Re6 Ne5 29.
Rd6 h5 30. Rd8 Kg7 31. Bd1 Rg5 32. f4 Rxf5 33. Kg2 Nd3 34. Bc2 Ne1+ 35. Kg3 Nxc2 36. Rd7+ Kg6 0-1

[Event "Late-Titled-Tuesday-Blitz-April-02-2024"]
[Site "Chess.com"]
[Date "2024.04.02"]
[Round "5"]
[White "Franmu14"]
[Black "becemix"]
[Result "1/2-1/2"]
[WhiteElo "2667"]
[BlackElo "2476"]
[TimeControl "180+1"]
[EndTime "14:53:19 PDT"]
[Termination "Game drawn by repetition"]

1. e4 c5 2. Nc3 d6 3. Bb5+ Nc6 4. d4 cxd4 5. Qxd4 Bd7 6. Bxc6 Bxc6 7. b3 Nf6 8. Bb2 g6 9. O-O-O Bg7 10. Kb1 O-O 11.
Qe3 Qa5 12. f3 b5 13. g4 b4 14. Nce2 Qc7 15. h4 Rfc8 16. Nd4 e5 17. Nxc6 Qxc6 18. Rh2 h5 19. gxh5 Nxh5 20. Rhd2 Nf4 21. Qf2 Rd8 22.
Ne2 Bh6 23. Ng3 Nh3 24. Qh2 Bxd2 25. Rxd2 Nf4 26. h5 Kg7 27. Nf5+ gxf5 28. Qxf4 Rg8 29. Qxf5 Kf8 30. a3 a5 31. Qf6 Rc8 32. Ka2 a4 33. h6 axb3+ 34. cxb3 bxa3 35. Bxa3 Ra8 36. h7 Rxa3+ 37.
Kxa3 Qc1+ 38. Ka4 Qc6+ 39. Ka5 Qc5+ 40. Ka6 Qc6+ 41. Ka5 Qc5+ 42. Ka4 Qc6+ 43. Kb4 Qc5+ 44. Ka4 Qc6+ 1/2-1/2

[Event "Late-Titled-Tuesday-Blitz-April-02-2024"]
[Site "Chess.com"]
[Date "2024.04.02"]
[Round "5"]
[White "PapaieDudu"]
[Black "Janh4"]
[Result "1-0"]
[WhiteElo "2389"]
[BlackElo "2170"]
[TimeControl "180+1"]
[EndTime "14:53:19 PDT"]
[Termination "PapaieDudu won on time"]

1. Nf3 d5 2. d4 Nc6 3. c4 Bg4 4. Nc3 e6 5. e3 Nf6 6. Bd3 Bb4 7. O-O O-O 8. Qc2 Bh5 9. Ne5 dxc4 10. Nxc4 Bg6 11. Rd1 Qe7 12. a3 Bxc3 13. bxc3 Rad8 14. e4 e5 15. d5 Nb8 16. a4 Rfe8 17. Ba3 Qd7 18. Ne3 Nh5 19. Bb5 Qc8 20. Bxe8 Rxe8 21. g3 Qh3 22. Ng2 Nf6 23. f3 Nbd7 24. Qe2 Nb6 25. a5 Nc8 26. Bc5 b6 27. axb6 axb6 28. Bb4 Bh5 29. Ra8 g5 30. d6 Nxd6 31. Rxe8+ Nfxe8 32. g4 Bg6 33. Ne3 h5 34. Nf5 Bxf5 35. exf5 hxg4 36.
fxg4 e4 37. c4 c5 38. Be1 Qb3 39. Bg3 Nxc4 40. Rd8 Kf8 41. Qxe4 Qb5 42. f6 1-0